 Dungeon Crawl Stone Soup version 0.22.1-1-ga44c0e56f4 (webtiles) character file.

43 Ivernyr the Magician (level 3, 0/28 HPs)
             Began as a Naga Wizard on Nov 2, 2018.
             Slain by a gnoll
             ... wielding a +0 halberd
              (2 damage)
             ... on level 2 of the Dungeon.
             The game lasted 00:03:08 (1000 turns).

Ivernyr the Magician (Naga Wizard)                  Turns: 1000, Time: 00:03:08

Health: 0/28       AC:  2    Str:  9    XL:     3   Next: 58%
Magic:  3/8        EV: 10    Int: 19    God:
Gold:   28         SH:  0    Dex:  9    Spells: 6/9 levels left

rFire    . . .     SeeInvis +   (no weapon)
rCold    . . .     Gourm    .   (no shield)
rNeg     . . .     Faith    .   a - +0 robe
rPois    +         Spirit   .   b - +0 hat
rElec    .         Reflect  .   (no cloak)
rCorr    .         Harm     .   (no gloves)
MR       .....                  (no barding)
Stlth    ++........             (no amulet)
HPRegen  0.09/turn              (no ring)
MPRegen  0.11/turn              (no ring)

@: short of breath, very slow
A: large, see invisible, deformed body, poison resistance, slowness 2, slow
metabolism 1, spit poison 1, AC +1
a: Spit Poison


You were on level 2 of the Dungeon.
You were not hungry.

You visited 1 branch of the dungeon, and saw 2 of its levels.

You collected 28 gold pieces.

Inventory:

Armour
 a - a +0 robe (worn)
 b - a +0 hat (worn)
Scrolls
 c - a scroll of random uselessness {unknown}
 h - a scroll of enchant armour {unknown}
 i - a scroll of identify {unknown}
Potions
 e - a potion of flight {unknown}
 f - a potion of curing {unknown}
 g - a potion of haste {unknown}
Comestibles
 d - 3 rations


   Skills:
 - Level 1.5 Dodging
 - Level 3.0 Stealth
 + Level 3.6 Spellcasting
 + Level 2.4 Conjurations
   Level 1.0 Summonings
 - Level 1.0 Translocations


You had 6 spell levels left.
You knew the following spells:

 Your Spells              Type           Power        Failure   Level  Hunger
a - Magic Dart            Conj           ##..         5%          1    None
b - Blink                 Tloc           N/A          14%         2    ##.....

Your spell library contained the following spells:

 Spells                   Type           Power        Failure   Level  Hunger
 Call Imp                 Summ           #.......     14%         2    ##.....
 Slow                     Hex            #.......     22%         2    ##.....
 Conjure Flame            Conj/Fire      #.......     26%         3    ###....
 Mephitic Cloud           Conj/Pois/Air  #.......     30%         3    ###....


Dungeon Overview and Level Annotations

Branches:
Dungeon (2/15)

Altars:


Innate Abilities, Weirdness & Mutations

You cannot wear boots.
Your serpentine skin is tough. (AC +1)
You have supernaturally acute eyesight. (SInv)
Armour fits poorly on your strangely shaped body.
Your system is resistant to poisons. (rPois)
You cover ground very slowly.
You have a slow metabolism.
You can spit poison.


Message History

The gnoll barely misses you.
A bat comes into view.
You have got your breath back.
Press: ? - help, Shift-Dir - straight line, f/p - gnoll
Aim: a gnoll (moderately wounded)
The splash of poison hits the gnoll.
The gnoll is poisoned.
The gnoll is severely wounded.
You feel slightly more hungry. The gnoll barely misses you.
Your magical contamination has completely faded away.
The gnoll hits you.
* * * LOW HITPOINT WARNING * * *
You have got your breath back.
You kill the gnoll!
Press: ? - help, Shift-Dir - straight line, f - bat
Aim: a bat (resting)
The splash of poison hits the bat.
You kill the bat!
You feel slightly more hungry. The gnoll misses you.
The gnoll hits you from afar with a halberd.
You die...

. ... +....#.####...######.[..#
..##.##......#.................
...........###.#######.........
......#....#.... ..#.###.....
...#.......#.#.#####.#.# #.####
#......#..# #.#...#.#.# #.#
#.######.#..# #.#>#.#.#.# #.#
#.....<..#..# #.#.#.#.#.# #.#
##########..# #@#.#.#.#.###.#
...# #.#.#.........# ##.#
#g#.#.#.#.##### ..
#.#.###.#.########
#.#.....#.........
#.#########...####
#.............# ###########...#
.....g'...#


You could see a gnoll.

Vanquished Creatures
  2 gnolls (D:2)
  An ooze (D:1)
  A worm (D:2)
  A giant cockroach (D:1)
  A hobgoblin (D:1)
  2 kobolds (D:1)
  A quokka (D:2)
  3 bats
  4 frilled lizards
  3 goblins
  2 rats (D:1)
21 creatures vanquished.

Notes
Turn   | Place    | Note
-------+----------+-------------------------------------------
     0 | D:1      | Ivernyr the Naga Wizard began the quest for the Orb.
     0 | D:1      | Reached XP level 1. HP: 15/15 MP: 4/4
   246 | D:1      | Reached XP level 2. HP: 22/22 MP: 4/6
   250 | D:1      | Learned a level 2 spell: Blink
   982 | D:2      | Reached XP level 3. HP: 20/28 MP: 0/8
   994 | D:2      | HP: 1/28 [gnoll (3)]
  1000 | D:2      | Slain by a gnoll

Skill      XL: |  1  2 |
---------------+-------+-----
Conjurations   | 2 |  2.4
Dodging        | |  1.5
Stealth        | |  3.0
Spellcasting   | |  3.6
Summonings     | |  1.0
Translocations | |  1.0

Action                   || total
-------------------------++-------
Melee: Unarmed           ||     6
 Cast: Magic Dart        ||    35
 Abil: Spit Poison       ||     5
Dodge: Dodged            ||    10
